[ PARTIDA AOE2 · #466839180 ]
UnrankedTeutones vs Khmer
[ ANÁLISIS DE REPETICIÓN · EXTRAÍDO DE LA PARTIDA GRABADA ]
Feudal
9:41
Castillos
19:22
Imperial
34:07
| APM promedio | 29.0 |
| APM pico | 78 |
| eAPM promedio | 23.0 |
| Aldeanos / militares | 235 / 2501 |
Foco
⚔️ 37.9% · 🌾 62.1%
Spearman ×2228 · Mangonel ×145 · Trade Cart ×140 · Militia ×94 · Battering Ram ×12 · Teutonic Knight ×11
Feudal
10:52
Castillos
21:27
Imperial
33:22
| APM promedio | 35.0 |
| APM pico | 192 |
| eAPM promedio | 33.1 |
| Aldeanos / militares | 316 / 2335 |
Foco
⚔️ 62.5% · 🌾 37.5%
Battle Elephant ×1249 · Scorpion ×980 · Trade Cart ×126 · Battering Ram ×71 · Mangonel ×22 · Trebuchet (Packed) ×13
Feudal
11:26
Castillos
21:06
Imperial
38:14
| APM promedio | 11.3 |
| APM pico | 117 |
| eAPM promedio | 9.9 |
| Aldeanos / militares | 289 / 1392 |
Foco
⚔️ 34.9% · 🌾 65.1%
War Elephant ×913 · Knight ×278 · Scorpion ×135 · Trade Cart ×85 · Bombard Cannon ×45 · Mangonel ×15
Feudal
11:02
Castillos
21:28
Imperial
41:05
| APM promedio | 19.7 |
| APM pico | 96 |
| eAPM promedio | 18.3 |
| Aldeanos / militares | 269 / 1578 |
Foco
⚔️ 42.3% · 🌾 57.7%
War Elephant ×937 · Knight ×362 · Scorpion ×243 · Trade Cart ×211 · Mangonel ×31 · Camel Scout ×5
Feudal
—
Castillos
—
Imperial
—
| APM promedio | 0.8 |
| APM pico | 32 |
| eAPM promedio | 0.5 |
| Aldeanos / militares | 17 / 0 |
Foco
⚔️ 29.5% · 🌾 70.5%
Feudal
—
Castillos
—
Imperial
—
| APM promedio | 0.2 |
| APM pico | 15 |
| eAPM promedio | 0.2 |
| Aldeanos / militares | 6 / 0 |
Foco
⚔️ 5.0% · 🌾 95.0%
Feudal
11:51
Castillos
15:47
Imperial
41:58
| APM promedio | 10.9 |
| APM pico | 58 |
| eAPM promedio | 8.8 |
| Aldeanos / militares | 258 / 197 |
Foco
⚔️ 22.1% · 🌾 77.9%
Trade Cart ×111 · Scorpion ×69 · Mangonel ×65 · Archer ×53 · Shotel Warrior ×7 · Monk ×3
Feudal
11:37
Castillos
24:39
Imperial
36:39
| APM promedio | 3.8 |
| APM pico | 39 |
| eAPM promedio | 3.5 |
| Aldeanos / militares | 123 / 46 |
Foco
⚔️ 21.6% · 🌾 78.4%
Trade Cart ×33 · Konnik ×22 · Mangonel ×12 · Trebuchet (Packed) ×8 · Scorpion ×4
Mapa de la partida
Recursos iniciales + cada clic de construcción. Líneas = muros · curvas = relieve. ◆ oro · ⬟ piedra · ● bayas · ✦ reliquia · ◌ hueco del cierre
Tu base· ✓ Cerrada en 19:22 · 47t muro · 2 puerta(s)
Base de Gato del vecino· ✓ Cerrada en 21:27 · 19t muro · 1 puerta(s)
Base de GdN_StinckytlesIII· ✓ Cerrada en 21:06 · 0t muro · sin puerta
Base de CowMaster's Sidekick· ✓ Cerrada en 21:28 · 0t muro · sin puerta
Base de TAA· ✓ Cerrada en 12:00 · 0t muro · sin puerta
Base de Big Al· ✓ Cerrada en 12:00 · 16t muro · sin puerta
Base de moneye· Abierta — el rival se encerró
Base de prashanthtk33· ✓ Cerrada en 24:39 · 0t muro · sin puerta
Terreno inicial suavizado · ◌ = hueco del cierre detectado · pasá el cursor para detalles
Inputs por minuto
— CowMaster22 - - Gato del vecino
Build order — CowMaster22
Primeras 150 de 1257 acciones detectadas
| 0:04 | Crear | Villager (Male) |
| 0:05 | Construir | House |
| 0:07 | Construir | House |
| 0:17 | Investigar | Loom |
| 0:18 | Crear | Villager (Male) ×3 |
| 1:42 | Crear | Villager (Male) |
| 2:02 | Construir | House |
| 2:06 | Construir | Lumber Camp |
| 2:22 | Crear | Villager (Male) |
| 2:44 | Crear | Villager (Male) |
| 3:02 | Crear | Villager (Male) |
| 3:25 | Crear | Villager (Male) |
| 3:49 | Crear | Villager (Male) |
| 4:11 | Crear | Villager (Male) |
| 4:59 | Construir | Mining Camp |
| 5:05 | Crear | Villager (Male) |
| 5:51 | Crear | Villager (Male) |
| 5:53 | Crear | Villager (Male) |
| 5:57 | Crear | Villager (Male) |
| 5:57 | Crear | Villager (Male) |
| 7:24 | Investigar | Feudal Age |
| 7:50 | Construir | House |
| 7:51 | Construir | House |
| 7:52 | Construir | House |
| 8:48 | Construir | Mill |
| 9:41 | Edad | Edad Feudal |
| 9:43 | Investigar | Wheelbarrow |
| 9:46 | Investigar | Double-Bit Axe |
| 9:48 | Crear | Villager (Male) |
| 10:19 | Construir | Market |
| 10:28 | Crear | Villager (Male) |
| 10:48 | Construir | Palisade Wall |
| 10:53 | Construir | Palisade Gate |
| 11:03 | Crear | Villager (Male) |
| 11:15 | Investigar | Horse Collar |
| 11:19 | Crear | Villager (Male) |
| 11:53 | Construir | Blacksmith |
| 12:18 | Crear | Villager (Male) |
| 12:18 | Crear | Villager (Male) |
| 12:22 | Construir | Farm |
| 12:44 | Construir | Farm |
| 13:00 | Construir | Farm |
| 13:05 | Crear | Villager (Male) |
| 13:11 | Construir | Farm |
| 13:35 | Construir | Farm |
| 13:47 | Crear | Villager (Male) |
| 13:48 | Crear | Villager (Male) |
| 14:01 | Construir | Farm |
| 14:22 | Construir | Farm |
| 14:31 | Crear | Villager (Male) |
| 14:37 | Construir | Lumber Camp |
| 14:46 | Construir | Farm |
| 15:20 | Construir | Farm |
| 16:25 | Construir | Stone Wall |
| 16:29 | Construir | Gate |
| 16:42 | Investigar | Castle Age |
| 16:52 | Construir | Mining Camp |
| 17:13 | Construir | House |
| 17:14 | Construir | House |
| 17:15 | Construir | House |
| 18:36 | Crear | Villager (Male) |
| 18:36 | Crear | Villager (Male) |
| 18:56 | Investigar | Stone Mining |
| 19:22 | Edad | Edad de los Castillos |
| 19:24 | Investigar | Heavy Plow |
| 19:26 | Investigar | Bow Saw |
| 19:36 | Construir | Town Center |
| 19:46 | Construir | Town Center |
| 20:03 | Crear | Villager (Male) |
| 20:07 | Construir | Farm |
| 20:08 | Construir | Farm |
| 20:09 | Construir | Farm |
| 20:10 | Construir | Farm |
| 20:11 | Construir | Farm |
| 20:13 | Crear | Villager (Male) |
| 20:14 | Crear | Villager (Male) |
| 20:15 | Crear | Villager (Male) |
| 21:03 | Crear | Villager (Male) ×3 |
| 21:12 | Construir | Farm |
| 21:13 | Construir | Farm |
| 21:15 | Construir | Farm |
| 21:16 | Construir | Farm |
| 21:18 | Construir | Farm |
| 21:22 | Construir | Farm |
| 21:23 | Construir | Farm |
| 21:47 | Construir | Monastery |
| 21:52 | Construir | Outpost |
| 21:57 | Construir | Mining Camp |
| 22:03 | Crear | Villager (Male) ×5 |
| 22:04 | Crear | Villager (Male) ×2 |
| 22:18 | Construir | Town Center |
| 22:33 | Construir | Town Center |
| 22:39 | Crear | Villager (Male) ×5 |
| 22:50 | Crear | Monk |
| 23:38 | Construir | House |
| 23:39 | Construir | House |
| 23:41 | Construir | House |
| 23:42 | Construir | House |
| 23:52 | Crear | Villager (Male) ×5 |
| 23:52 | Crear | Villager (Male) ×5 |
| 23:59 | Construir | Farm |
| 24:00 | Construir | Farm |
| 24:05 | Construir | Farm |
| 24:06 | Construir | Farm |
| 24:19 | Crear | Villager (Male) ×5 |
| 25:10 | Investigar | Hand Cart |
| 25:11 | Crear | Villager (Male) ×2 |
| 25:15 | Construir | Farm |
| 25:16 | Construir | Farm |
| 25:22 | Construir | Farm |
| 25:23 | Construir | Farm |
| 25:26 | Construir | Farm |
| 25:30 | Construir | Farm |
| 25:33 | Construir | Farm |
| 25:36 | Construir | Farm |
| 25:37 | Construir | Farm |
| 25:47 | Crear | Villager (Male) ×5 |
| 25:48 | Crear | Villager (Male) |
| 25:52 | Construir | Farm |
| 25:59 | Construir | University |
| 26:13 | Investigar | Gold Mining |
| 26:21 | Crear | Villager (Male) ×2 |
| 26:33 | Construir | Siege Workshop |
| 26:38 | Construir | Mining Camp |
| 26:55 | Crear | Villager (Male) ×5 |
| 26:55 | Crear | Villager (Male) ×5 |
| 26:55 | Crear | Villager (Male) |
| 26:58 | Construir | House |
| 27:01 | Construir | House |
| 27:04 | Construir | House |
| 27:05 | Construir | House |
| 27:09 | Construir | House |
| 27:11 | Construir | House |
| 27:13 | Construir | House |
| 27:14 | Construir | House |
| 27:14 | Construir | House |
| 27:15 | Construir | House |
| 27:16 | Construir | House |
| 27:17 | Construir | House |
| 27:24 | Construir | Farm |
| 27:25 | Construir | Farm |
| 27:30 | Construir | Farm |
| 27:35 | Crear | Villager (Male) ×5 |
| 27:35 | Crear | Villager (Male) ×3 |
| 27:42 | Construir | Town Center |
| 28:01 | Construir | Town Center |
| 28:09 | Construir | Farm |
| 28:11 | Construir | Farm |
| 28:12 | Construir | Farm |
| 28:15 | Construir | Farm |
Build order — Gato del vecino
Primeras 150 de 3299 acciones detectadas
| 0:03 | Crear | Villager (Male) |
| 0:04 | Crear | Villager (Male) |
| 0:04 | Crear | Villager (Male) |
| 0:04 | Crear | Villager (Male) |
| 0:05 | Crear | Villager (Male) |
| 0:09 | Construir | House |
| 1:42 | Construir | House |
| 1:44 | Construir | House |
| 1:46 | Construir | House |
| 2:03 | Crear | Villager (Male) |
| 2:03 | Crear | Villager (Male) |
| 2:07 | Investigar | Loom |
| 2:21 | Crear | Villager (Male) |
| 2:22 | Crear | Villager (Male) |
| 2:22 | Crear | Villager (Male) |
| 4:06 | Crear | Villager (Male) |
| 4:06 | Crear | Villager (Male) |
| 4:07 | Crear | Villager (Male) |
| 4:07 | Crear | Villager (Male) |
| 5:01 | Crear | Villager (Male) |
| 5:01 | Crear | Villager (Male) |
| 5:02 | Crear | Villager (Male) |
| 5:02 | Crear | Villager (Male) |
| 5:54 | Crear | Villager (Male) |
| 5:55 | Crear | Villager (Male) |
| 5:55 | Crear | Villager (Male) |
| 5:55 | Crear | Villager (Male) |
| 6:09 | Construir | Mill |
| 6:57 | Crear | Villager (Male) |
| 6:57 | Crear | Villager (Male) |
| 6:57 | Crear | Villager (Male) |
| 6:58 | Crear | Villager (Male) |
| 8:42 | Investigar | Feudal Age |
| 9:02 | Construir | Lumber Camp |
| 9:12 | Crear | Villager (Male) |
| 9:13 | Crear | Villager (Male) |
| 9:13 | Crear | Villager (Male) |
| 9:52 | Crear | Villager (Male) |
| 9:52 | Crear | Villager (Male) |
| 10:42 | Crear | Villager (Male) |
| 10:43 | Crear | Villager (Male) |
| 10:52 | Construir | House |
| 10:52 | Edad | Edad Feudal |
| 10:55 | Construir | House |
| 10:57 | Construir | House |
| 11:15 | Construir | Stone Wall |
| 11:19 | Construir | Stone Wall |
| 11:35 | Investigar | Horse Collar |
| 11:47 | Investigar | Double-Bit Axe |
| 11:50 | Crear | Villager (Male) |
| 11:51 | Crear | Villager (Male) |
| 12:08 | Construir | Mining Camp |
| 12:32 | Construir | Gate |
| 13:46 | Construir | Lumber Camp |
| 14:06 | Construir | Farm |
| 14:07 | Construir | Farm |
| 14:07 | Construir | Farm |
| 14:07 | Construir | Farm |
| 14:08 | Construir | Farm |
| 14:12 | Construir | Farm |
| 14:28 | Crear | Villager (Male) |
| 14:28 | Crear | Villager (Male) |
| 14:29 | Crear | Villager (Male) |
| 14:29 | Crear | Villager (Male) |
| 14:29 | Crear | Villager (Male) |
| 14:30 | Crear | Villager (Male) |
| 14:55 | Construir | Farm |
| 15:10 | Construir | Farm |
| 15:14 | Construir | Farm |
| 15:30 | Construir | Farm |
| 15:30 | Construir | Farm |
| 15:30 | Construir | Farm |
| 15:31 | Construir | Farm |
| 15:31 | Construir | Farm |
| 15:50 | Construir | Farm |
| 15:53 | Construir | Farm |
| 15:56 | Construir | Farm |
| 16:20 | Construir | Farm |
| 16:23 | Construir | Farm |
| 16:25 | Construir | Farm |
| 16:35 | Construir | Farm |
| 16:55 | Construir | Farm |
| 16:58 | Crear | Villager (Male) |
| 16:58 | Crear | Villager (Male) |
| 16:59 | Crear | Villager (Male) |
| 16:59 | Crear | Villager (Male) |
| 17:32 | Construir | Market |
| 17:48 | Construir | House |
| 17:51 | Construir | House |
| 17:53 | Construir | House |
| 18:40 | Investigar | Castle Age |
| 19:01 | Construir | Mining Camp |
| 19:15 | Construir | House |
| 19:23 | Construir | House |
| 19:26 | Construir | House |
| 19:29 | Construir | House |
| 19:41 | Investigar | Wheelbarrow |
| 19:44 | Crear | Villager (Male) |
| 19:45 | Crear | Villager (Male) |
| 19:45 | Crear | Villager (Male) |
| 19:45 | Crear | Villager (Male) |
| 20:09 | Investigar | Gold Mining |
| 20:24 | Investigar | Stone Mining |
| 21:05 | Construir | House |
| 21:07 | Construir | House |
| 21:09 | Construir | House |
| 21:18 | Construir | House |
| 21:20 | Construir | House |
| 21:22 | Construir | House |
| 21:27 | Edad | Edad de los Castillos |
| 21:29 | Construir | House |
| 21:31 | Construir | House |
| 21:34 | Construir | House |
| 21:36 | Construir | House |
| 21:37 | Construir | House |
| 21:39 | Construir | House |
| 22:01 | Construir | Town Center |
| 22:09 | Investigar | Gold Shaft Mining |
| 22:12 | Investigar | Stone Shaft Mining |
| 22:31 | Investigar | Heavy Plow |
| 22:39 | Investigar | Bow Saw |
| 23:01 | Investigar | Hand Cart |
| 23:05 | Crear | Villager (Male) |
| 23:05 | Crear | Villager (Male) |
| 23:22 | Crear | Villager (Male) |
| 23:22 | Crear | Villager (Male) |
| 23:23 | Crear | Villager (Male) |
| 23:23 | Crear | Villager (Male) |
| 23:32 | Crear | Villager (Male) |
| 23:32 | Crear | Villager (Male) |
| 23:58 | Construir | Town Center |
| 24:11 | Crear | Villager (Male) |
| 24:14 | Crear | Villager (Male) |
| 24:14 | Crear | Villager (Male) |
| 25:05 | Crear | Villager (Male) |
| 25:05 | Crear | Villager (Male) |
| 25:06 | Crear | Villager (Male) |
| 25:07 | Crear | Villager (Male) |
| 25:08 | Crear | Villager (Male) |
| 25:24 | Construir | Farm |
| 25:25 | Construir | Farm |
| 25:25 | Construir | Farm |
| 25:25 | Construir | Farm |
| 25:26 | Construir | Farm |
| 25:26 | Construir | Farm |
| 25:26 | Construir | Farm |
| 25:27 | Construir | Farm |
| 25:27 | Construir | Farm |
| 25:27 | Construir | Farm |
| 25:28 | Construir | Farm |
Build order — GdN_StinckytlesIII
Primeras 150 de 706 acciones detectadas
| 0:02 | Crear | Villager (Male) ×5 |
| 0:07 | Construir | House |
| 0:08 | Construir | House |
| 0:10 | Construir | House |
| 0:10 | Construir | House |
| 0:12 | Construir | House |
| 0:18 | Construir | House |
| 1:53 | Crear | Villager (Male) |
| 1:53 | Crear | Villager (Male) |
| 2:28 | Investigar | Loom |
| 3:01 | Crear | Villager (Male) |
| 3:01 | Crear | Villager (Male) |
| 3:02 | Crear | Villager (Male) |
| 3:42 | Crear | Villager (Male) |
| 4:15 | Crear | Villager (Male) |
| 4:16 | Crear | Villager (Male) |
| 4:16 | Crear | Villager (Male) |
| 4:46 | Crear | Villager (Male) |
| 4:52 | Crear | Villager (Male) |
| 5:35 | Construir | Mill |
| 5:38 | Crear | Villager (Male) |
| 5:38 | Crear | Villager (Male) |
| 5:39 | Crear | Villager (Male) |
| 5:39 | Crear | Villager (Male) |
| 5:39 | Crear | Villager (Male) |
| 6:13 | Crear | Villager (Male) |
| 6:13 | Crear | Villager (Male) |
| 6:18 | Crear | Villager (Male) |
| 8:07 | Construir | Lumber Camp |
| 9:18 | Investigar | Feudal Age |
| 10:50 | Construir | Mining Camp |
| 11:26 | Edad | Edad Feudal |
| 11:29 | Investigar | Wheelbarrow |
| 11:30 | Investigar | Double-Bit Axe |
| 11:33 | Investigar | Horse Collar |
| 11:42 | Crear | Villager (Male) |
| 11:42 | Crear | Villager (Male) |
| 11:42 | Crear | Villager (Male) |
| 12:31 | Construir | House |
| 12:33 | Construir | House |
| 12:38 | Construir | Blacksmith |
| 12:44 | Construir | Market |
| 12:54 | Crear | Villager (Male) |
| 13:37 | Crear | Villager (Male) |
| 14:10 | Crear | Villager (Male) |
| 14:11 | Crear | Villager (Male) |
| 14:37 | Crear | Villager (Male) |
| 14:56 | Crear | Villager (Male) |
| 14:57 | Crear | Villager (Male) |
| 15:06 | Construir | Farm |
| 15:06 | Construir | Farm |
| 15:06 | Construir | Farm |
| 15:07 | Construir | Farm |
| 15:07 | Construir | Farm |
| 15:07 | Construir | Farm |
| 15:08 | Construir | Farm |
| 15:08 | Construir | Farm |
| 15:09 | Construir | Farm |
| 15:10 | Construir | Farm |
| 15:22 | Construir | Farm |
| 15:26 | Construir | Farm |
| 16:06 | Crear | Villager (Male) |
| 16:06 | Crear | Villager (Male) |
| 16:26 | Construir | Farm |
| 16:27 | Construir | Farm |
| 16:28 | Construir | Farm |
| 16:28 | Construir | Farm |
| 16:29 | Construir | Farm |
| 16:39 | Construir | House |
| 16:41 | Construir | House |
| 16:47 | Crear | Villager (Male) |
| 17:16 | Crear | Villager (Male) |
| 17:17 | Crear | Villager (Male) |
| 17:32 | Construir | Farm |
| 17:34 | Construir | Farm |
| 17:36 | Construir | Farm |
| 17:39 | Crear | Villager (Male) |
| 18:35 | Investigar | Castle Age |
| 20:19 | Crear | Villager (Male) ×5 |
| 21:06 | Edad | Edad de los Castillos |
| 21:10 | Investigar | Bow Saw |
| 21:12 | Investigar | Heavy Plow |
| 21:30 | Construir | Town Center |
| 21:38 | Construir | Town Center |
| 21:46 | Construir | Town Center |
| 22:05 | Construir | Monastery |
| 22:09 | Construir | University |
| 22:58 | Crear | Villager (Male) |
| 22:59 | Crear | Villager (Male) |
| 22:59 | Crear | Villager (Male) |
| 23:03 | Investigar | Hand Cart |
| 23:25 | Crear | Monk |
| 23:41 | Crear | Villager (Male) ×5 |
| 24:08 | Crear | Villager (Male) ×5 |
| 24:32 | Crear | Villager (Male) ×5 |
| 24:36 | Crear | Villager (Male) ×5 |
| 24:37 | Crear | Villager (Male) ×3 |
| 24:37 | Crear | Villager (Male) |
| 25:11 | Construir | House |
| 25:13 | Construir | House |
| 25:14 | Construir | House |
| 25:15 | Construir | House |
| 25:18 | Construir | House |
| 25:20 | Construir | House |
| 25:22 | Construir | House |
| 25:23 | Construir | House |
| 25:24 | Construir | House |
| 25:26 | Construir | House |
| 25:26 | Construir | House |
| 25:27 | Construir | House |
| 25:29 | Construir | House |
| 25:30 | Construir | House |
| 25:31 | Construir | House |
| 25:41 | Investigar | Stone Mining |
| 25:41 | Investigar | Gold Mining |
| 26:30 | Crear | Villager (Male) ×5 |
| 26:33 | Crear | Villager (Male) ×5 |
| 26:33 | Crear | Villager (Male) ×3 |
| 26:33 | Crear | Villager (Male) ×3 |
| 26:57 | Crear | Villager (Male) |
| 27:09 | Investigar | Fervor |
| 27:34 | Crear | Villager (Male) ×5 |
| 27:34 | Crear | Villager (Male) ×2 |
| 27:51 | Construir | Lumber Camp |
| 28:07 | Construir | Lumber Camp |
| 28:13 | Crear | Villager (Male) ×5 |
| 28:56 | Crear | Villager (Male) ×4 |
| 29:24 | Crear | Villager (Male) ×5 |
| 29:24 | Crear | Villager (Male) |
| 29:24 | Crear | Villager (Male) |
| 29:33 | Construir | Farm |
| 29:33 | Construir | Farm |
| 29:34 | Construir | Farm |
| 29:34 | Construir | Farm |
| 29:35 | Construir | Farm |
| 29:36 | Construir | Farm |
| 29:37 | Construir | Farm |
| 29:38 | Construir | Farm |
| 29:39 | Construir | Farm |
| 29:39 | Construir | Farm |
| 29:54 | Construir | Farm |
| 30:05 | Crear | Villager (Male) ×5 |
| 31:14 | Crear | Villager (Male) ×5 |
| 31:14 | Crear | Villager (Male) ×5 |
| 31:14 | Crear | Villager (Male) ×2 |
| 31:51 | Investigar | Stone Shaft Mining |
| 31:51 | Investigar | Gold Shaft Mining |
| 31:54 | Crear | Villager (Male) ×2 |
| 32:30 | Crear | Villager (Male) ×5 |
| 32:32 | Crear | Villager (Male) ×3 |
Build order — CowMaster's Sidekick
Primeras 150 de 796 acciones detectadas
| 0:06 | Investigar | Loom |
| 0:07 | Crear | Villager (Male) ×5 |
| 0:07 | Crear | Villager (Male) ×5 |
| 0:24 | Construir | House |
| 0:30 | Construir | Lumber Camp |
| 0:50 | Construir | Mill |
| 4:06 | Crear | Villager (Male) |
| 4:46 | Crear | Villager (Male) |
| 5:49 | Construir | House |
| 6:24 | Crear | Villager (Male) |
| 8:58 | Investigar | Feudal Age |
| 9:00 | Crear | Villager (Male) ×2 |
| 9:54 | Crear | Villager (Male) |
| 9:54 | Crear | Villager (Male) |
| 10:58 | Crear | Villager (Male) |
| 10:58 | Crear | Villager (Male) |
| 10:58 | Crear | Villager (Male) |
| 11:02 | Edad | Edad Feudal |
| 12:31 | Construir | Market |
| 12:37 | Construir | Lumber Camp |
| 12:46 | Construir | House |
| 12:49 | Construir | House |
| 12:51 | Construir | House |
| 13:56 | Crear | Villager (Male) |
| 14:30 | Construir | Blacksmith |
| 15:08 | Crear | Villager (Male) |
| 16:40 | Crear | Villager (Male) |
| 16:57 | Construir | Farm |
| 16:59 | Construir | Farm |
| 17:02 | Construir | Farm |
| 17:24 | Crear | Villager (Male) |
| 17:40 | Construir | House |
| 17:47 | Construir | House |
| 18:07 | Crear | Villager (Male) |
| 18:44 | Construir | Farm |
| 18:46 | Construir | Farm |
| 19:02 | Investigar | Castle Age |
| 20:06 | Crear | Villager (Male) |
| 20:07 | Crear | Villager (Male) |
| 20:07 | Crear | Villager (Male) |
| 20:07 | Crear | Villager (Male) |
| 20:41 | Crear | Trade Cart |
| 21:21 | Investigar | Double-Bit Axe |
| 21:28 | Edad | Edad de los Castillos |
| 21:35 | Construir | Town Center |
| 21:50 | Crear | Villager (Male) ×4 |
| 22:56 | Construir | Monastery |
| 23:06 | Construir | House |
| 23:20 | Crear | Villager (Male) ×5 |
| 23:30 | Crear | Villager (Male) |
| 24:17 | Construir | Barracks |
| 24:30 | Crear | Villager (Male) |
| 24:31 | Crear | Villager (Male) |
| 24:41 | Construir | Farm |
| 24:43 | Construir | Farm |
| 24:45 | Construir | Farm |
| 24:47 | Construir | Farm |
| 25:37 | Construir | Town Center |
| 26:12 | Crear | Villager (Male) |
| 26:26 | Construir | Farm |
| 26:27 | Construir | Farm |
| 26:29 | Construir | Farm |
| 26:31 | Construir | Farm |
| 26:33 | Construir | Farm |
| 26:35 | Construir | Farm |
| 26:53 | Crear | Villager (Male) |
| 26:54 | Crear | Villager (Male) |
| 27:00 | Crear | Villager (Male) |
| 27:00 | Crear | Villager (Male) |
| 27:06 | Crear | Villager (Male) |
| 27:06 | Crear | Villager (Male) |
| 27:32 | Crear | Villager (Male) |
| 27:53 | Construir | Town Center |
| 28:02 | Construir | Farm |
| 28:03 | Construir | Farm |
| 28:06 | Construir | Farm |
| 28:07 | Construir | Farm |
| 28:11 | Construir | Farm |
| 28:13 | Construir | Farm |
| 28:26 | Crear | Villager (Male) |
| 28:31 | Crear | Villager (Male) |
| 28:31 | Crear | Villager (Male) |
| 28:37 | Investigar | Horse Collar |
| 28:40 | Crear | Villager (Male) |
| 29:18 | Construir | House |
| 29:20 | Construir | House |
| 29:22 | Construir | House |
| 29:25 | Construir | House |
| 29:27 | Construir | House |
| 29:52 | Construir | Farm |
| 29:54 | Construir | Farm |
| 30:00 | Construir | Farm |
| 30:15 | Crear | Villager (Male) ×5 |
| 30:15 | Crear | Villager (Male) ×4 |
| 30:27 | Construir | Farm |
| 30:29 | Construir | Farm |
| 30:31 | Construir | Farm |
| 30:33 | Construir | Farm |
| 30:36 | Construir | Farm |
| 30:38 | Construir | Farm |
| 30:42 | Construir | Farm |
| 30:52 | Crear | Villager (Male) ×4 |
| 31:12 | Construir | Farm |
| 31:16 | Construir | Farm |
| 31:17 | Construir | Farm |
| 31:23 | Crear | Villager (Male) |
| 31:24 | Crear | Villager (Male) |
| 31:37 | Crear | Villager (Male) |
| 31:37 | Crear | Villager (Male) |
| 32:21 | Construir | Farm |
| 32:36 | Investigar | Heavy Plow |
| 32:39 | Investigar | Bow Saw |
| 32:55 | Crear | Trade Cart |
| 32:56 | Crear | Trade Cart |
| 33:05 | Crear | Trade Cart ×3 |
| 33:18 | Crear | Villager (Male) ×5 |
| 33:18 | Crear | Villager (Male) ×5 |
| 33:18 | Crear | Villager (Male) ×2 |
| 33:33 | Construir | Farm |
| 33:35 | Construir | Farm |
| 33:41 | Construir | Farm |
| 33:43 | Construir | Farm |
| 33:49 | Construir | Farm |
| 33:50 | Construir | Farm |
| 33:56 | Construir | Farm |
| 34:05 | Crear | Villager (Male) ×5 |
| 34:05 | Crear | Villager (Male) ×4 |
| 34:13 | Crear | Villager (Male) |
| 34:14 | Crear | Villager (Male) |
| 34:35 | Crear | Villager (Male) |
| 34:35 | Crear | Villager (Male) |
| 34:36 | Crear | Villager (Male) |
| 35:08 | Construir | Market |
| 35:14 | Construir | House |
| 35:15 | Construir | House |
| 35:17 | Construir | House |
| 35:20 | Construir | House |
| 35:22 | Construir | House |
| 35:23 | Construir | House |
| 35:25 | Construir | House |
| 35:26 | Construir | House |
| 35:28 | Construir | House |
| 35:29 | Construir | House |
| 35:32 | Construir | House |
| 35:33 | Construir | House |
| 35:34 | Construir | House |
| 35:35 | Construir | House |
| 35:36 | Construir | House |
| 35:38 | Construir | House |
| 35:39 | Construir | House |
Build order — TAA
23 acciones detectadas en el replay
| 0:04 | Crear | Villager (Male) |
| 0:04 | Crear | Villager (Male) |
| 0:05 | Crear | Villager (Male) |
| 0:05 | Crear | Villager (Male) |
| 0:08 | Construir | House |
| 0:09 | Construir | House |
| 0:25 | Construir | House |
| 1:38 | Investigar | Loom |
| 1:56 | Construir | Lumber Camp |
| 2:06 | Crear | Villager (Male) |
| 2:06 | Crear | Villager (Male) |
| 2:24 | Crear | Villager (Male) |
| 2:24 | Crear | Villager (Male) |
| 2:49 | Crear | Villager (Male) |
| 2:49 | Crear | Villager (Male) |
| 2:50 | Crear | Villager (Male) |
| 3:39 | Crear | Villager (Male) |
| 3:39 | Crear | Villager (Male) |
| 3:40 | Crear | Villager (Male) |
| 4:42 | Construir | Mill |
| 4:44 | Crear | Villager (Male) |
| 4:44 | Crear | Villager (Male) |
| 4:45 | Crear | Villager (Male) |
Build order — Big Al
13 acciones detectadas en el replay
| 0:08 | Crear | Villager (Male) |
| 0:14 | Crear | Villager (Male) |
| 0:16 | Crear | Villager (Male) |
| 0:17 | Crear | Villager (Male) |
| 0:26 | Construir | House |
| 0:28 | Construir | House |
| 0:31 | Construir | House |
| 0:59 | Construir | Lumber Camp |
| 1:33 | Construir | Palisade Wall |
| 1:50 | Investigar | Loom |
| 2:48 | Crear | Villager (Male) |
| 3:55 | Crear | Villager (Male) |
| 5:05 | Construir | Mill |
Build order — moneye
Primeras 150 de 552 acciones detectadas
| 0:02 | Crear | Villager (Male) |
| 0:03 | Crear | Villager (Male) |
| 0:03 | Crear | Villager (Male) |
| 0:03 | Crear | Villager (Male) |
| 0:05 | Construir | House |
| 0:07 | Construir | House |
| 1:46 | Construir | Lumber Camp |
| 1:47 | Crear | Villager (Male) |
| 1:48 | Crear | Villager (Male) |
| 2:10 | Crear | Villager (Male) |
| 2:10 | Crear | Villager (Male) |
| 2:31 | Crear | Villager (Male) |
| 2:53 | Crear | Villager (Male) |
| 2:53 | Crear | Villager (Male) |
| 3:34 | Construir | Mill |
| 3:44 | Crear | Villager (Male) |
| 3:44 | Crear | Villager (Male) |
| 4:34 | Crear | Villager (Male) |
| 4:34 | Crear | Villager (Male) |
| 4:34 | Crear | Villager (Male) |
| 5:01 | Construir | House |
| 5:56 | Crear | Villager (Male) |
| 6:21 | Crear | Villager (Male) |
| 6:36 | Crear | Villager (Male) |
| 6:36 | Crear | Villager (Male) |
| 6:47 | Construir | House |
| 7:17 | Crear | Villager (Male) |
| 7:42 | Crear | Villager (Male) |
| 8:13 | Crear | Villager (Male) |
| 8:19 | Investigar | Loom |
| 8:35 | Construir | Mining Camp |
| 8:41 | Crear | Villager (Male) |
| 8:44 | Investigar | Feudal Age |
| 10:31 | Construir | House |
| 11:28 | Construir | Farm |
| 11:28 | Construir | Farm |
| 11:29 | Construir | Farm |
| 11:29 | Construir | Farm |
| 11:29 | Construir | Farm |
| 11:31 | Construir | Farm |
| 11:32 | Construir | Farm |
| 11:41 | Crear | Villager (Male) |
| 11:42 | Crear | Villager (Male) |
| 11:51 | Edad | Edad Feudal |
| 11:55 | Construir | Market |
| 12:27 | Construir | Blacksmith |
| 12:34 | Crear | Villager (Male) |
| 13:02 | Investigar | Castle Age |
| 13:23 | Investigar | Horse Collar |
| 13:42 | Investigar | Double-Bit Axe |
| 14:16 | Construir | House |
| 14:34 | Crear | Villager (Male) |
| 14:34 | Crear | Villager (Male) |
| 15:47 | Edad | Edad de los Castillos |
| 15:50 | Construir | Monastery |
| 15:58 | Construir | Stone Wall |
| 16:03 | Construir | Gate |
| 16:07 | Construir | Gate |
| 16:11 | Construir | Gate |
| 16:35 | Crear | Villager (Male) |
| 16:46 | Construir | Mining Camp |
| 16:51 | Crear | Monk |
| 17:21 | Crear | Villager (Male) |
| 17:31 | Construir | Town Center |
| 17:34 | Crear | Villager (Male) |
| 17:43 | Investigar | Bow Saw |
| 17:46 | Investigar | Heavy Plow |
| 17:50 | Crear | Monk |
| 18:15 | Construir | House |
| 18:20 | Crear | Villager (Male) |
| 18:23 | Crear | Villager (Male) |
| 18:24 | Crear | Villager (Male) |
| 18:51 | Crear | Monk |
| 19:05 | Construir | Mining Camp |
| 19:11 | Crear | Villager (Male) |
| 19:11 | Crear | Villager (Male) |
| 19:11 | Crear | Villager (Male) |
| 19:12 | Crear | Villager (Male) |
| 19:13 | Crear | Villager (Male) |
| 19:41 | Crear | Villager (Male) |
| 19:56 | Crear | Villager (Male) |
| 19:57 | Crear | Villager (Male) |
| 20:01 | Construir | Farm |
| 20:01 | Construir | Farm |
| 20:01 | Construir | Farm |
| 20:02 | Construir | Farm |
| 20:02 | Construir | Farm |
| 20:02 | Construir | Farm |
| 20:03 | Construir | Farm |
| 20:08 | Crear | Villager (Male) |
| 20:08 | Crear | Villager (Male) |
| 20:49 | Crear | Villager (Male) |
| 20:50 | Crear | Villager (Male) |
| 21:02 | Construir | House |
| 21:06 | Construir | House |
| 21:13 | Investigar | Wheelbarrow |
| 21:50 | Construir | Town Center |
| 21:55 | Crear | Villager (Male) |
| 21:55 | Crear | Villager (Male) |
| 21:56 | Crear | Villager (Male) |
| 21:56 | Crear | Villager (Male) |
| 22:22 | Investigar | Gold Mining |
| 22:22 | Investigar | Stone Mining |
| 22:39 | Crear | Trade Cart |
| 22:50 | Crear | Villager (Male) |
| 22:59 | Construir | Farm |
| 22:59 | Construir | Farm |
| 23:00 | Construir | Farm |
| 23:01 | Construir | Farm |
| 23:02 | Construir | Farm |
| 23:17 | Crear | Villager (Male) |
| 23:18 | Crear | Villager (Male) |
| 23:19 | Crear | Villager (Male) |
| 23:30 | Construir | House |
| 23:31 | Construir | House |
| 23:43 | Investigar | Caravan |
| 24:03 | Crear | Villager (Male) |
| 24:16 | Crear | Trade Cart |
| 24:19 | Crear | Villager (Male) |
| 24:19 | Crear | Villager (Male) |
| 24:21 | Crear | Villager (Male) |
| 24:39 | Construir | Town Center |
| 24:42 | Crear | Villager (Male) |
| 24:43 | Crear | Villager (Male) |
| 24:44 | Crear | Villager (Male) |
| 24:50 | Construir | Farm |
| 24:50 | Construir | Farm |
| 24:50 | Construir | Farm |
| 24:51 | Construir | Farm |
| 24:52 | Construir | Farm |
| 25:03 | Construir | Farm |
| 25:13 | Construir | Farm |
| 25:16 | Crear | Villager (Male) |
| 25:16 | Crear | Villager (Male) |
| 25:17 | Crear | Villager (Male) |
| 25:18 | Crear | Villager (Male) |
| 25:26 | Construir | Farm |
| 25:29 | Construir | Farm |
| 25:41 | Crear | Villager (Male) |
| 25:42 | Crear | Villager (Male) |
| 25:43 | Crear | Villager (Male) |
| 26:00 | Crear | Villager (Male) |
| 26:01 | Crear | Villager (Male) |
| 26:02 | Crear | Villager (Male) |
| 26:04 | Crear | Villager (Male) |
| 26:15 | Crear | Villager (Male) |
| 26:25 | Construir | Farm |
| 26:34 | Construir | House |
| 26:42 | Construir | House |
| 26:43 | Construir | House |
Build order — prashanthtk33
Primeras 150 de 358 acciones detectadas
| 0:09 | Construir | House |
| 0:14 | Construir | House |
| 0:34 | Crear | Villager (Male) |
| 0:34 | Crear | Villager (Male) |
| 0:35 | Crear | Villager (Male) |
| 0:35 | Crear | Villager (Male) |
| 0:35 | Crear | Villager (Male) |
| 2:23 | Crear | Villager (Male) |
| 2:24 | Crear | Villager (Male) |
| 2:24 | Crear | Villager (Male) |
| 2:32 | Crear | Villager (Male) |
| 2:32 | Crear | Villager (Male) |
| 3:37 | Crear | Villager (Male) |
| 3:37 | Crear | Villager (Male) |
| 3:38 | Crear | Villager (Male) |
| 3:38 | Crear | Villager (Male) |
| 4:01 | Construir | Lumber Camp |
| 4:39 | Construir | House |
| 5:12 | Construir | House |
| 5:17 | Construir | House |
| 5:28 | Crear | Villager (Male) |
| 5:29 | Crear | Villager (Male) |
| 5:29 | Crear | Villager (Male) |
| 5:29 | Crear | Villager (Male) |
| 5:30 | Crear | Villager (Male) |
| 5:30 | Crear | Villager (Male) |
| 5:30 | Crear | Villager (Male) |
| 7:47 | Construir | Mill |
| 7:56 | Construir | House |
| 7:58 | Construir | House |
| 8:35 | Construir | House |
| 9:02 | Crear | Villager (Male) |
| 9:02 | Crear | Villager (Male) |
| 9:03 | Crear | Villager (Male) |
| 9:12 | Investigar | Feudal Age |
| 10:19 | Construir | Farm |
| 10:36 | Construir | Mining Camp |
| 10:52 | Crear | Villager (Male) |
| 11:37 | Edad | Edad Feudal |
| 11:45 | Investigar | Horse Collar |
| 11:52 | Investigar | Stone Mining |
| 11:59 | Investigar | Double-Bit Axe |
| 12:11 | Crear | Villager (Male) |
| 12:11 | Crear | Villager (Male) |
| 12:12 | Crear | Villager (Male) |
| 12:12 | Crear | Villager (Male) |
| 12:13 | Crear | Villager (Male) |
| 12:13 | Crear | Villager (Male) |
| 12:13 | Crear | Villager (Male) |
| 12:56 | Construir | Farm |
| 13:15 | Construir | Farm |
| 13:24 | Crear | Villager (Male) |
| 13:24 | Crear | Villager (Male) |
| 13:24 | Crear | Villager (Male) |
| 13:25 | Crear | Villager (Male) |
| 13:25 | Crear | Villager (Male) |
| 13:52 | Construir | Farm |
| 14:00 | Construir | Farm |
| 14:29 | Construir | Farm |
| 14:34 | Construir | Farm |
| 14:37 | Construir | Farm |
| 14:40 | Construir | Farm |
| 14:44 | Construir | Farm |
| 15:20 | Construir | Farm |
| 15:34 | Construir | Farm |
| 16:38 | Construir | Mining Camp |
| 17:32 | Crear | Villager (Male) |
| 17:32 | Crear | Villager (Male) |
| 17:32 | Crear | Villager (Male) |
| 17:33 | Crear | Villager (Male) |
| 17:34 | Crear | Villager (Male) |
| 17:34 | Crear | Villager (Male) |
| 17:35 | Crear | Villager (Male) |
| 17:35 | Crear | Villager (Male) |
| 17:35 | Crear | Villager (Male) |
| 18:03 | Construir | Farm |
| 18:48 | Construir | Blacksmith |
| 18:55 | Construir | Farm |
| 19:28 | Construir | Farm |
| 19:45 | Construir | Farm |
| 20:22 | Construir | Farm |
| 20:46 | Construir | Market |
| 21:08 | Construir | Farm |
| 21:28 | Construir | Farm |
| 22:00 | Investigar | Castle Age |
| 22:02 | Investigar | Wheelbarrow |
| 22:03 | Investigar | Town Watch |
| 22:06 | Investigar | Loom |
| 22:25 | Construir | Mining Camp |
| 23:06 | Construir | Barracks |
| 24:35 | Construir | Stable |
| 24:39 | Edad | Edad de los Castillos |
| 24:50 | Construir | Archery Range |
| 25:01 | Investigar | Coinage |
| 25:10 | Investigar | Heavy Plow |
| 25:16 | Investigar | Bow Saw |
| 26:02 | Construir | Lumber Camp |
| 26:35 | Construir | Siege Workshop |
| 26:56 | Crear | Villager (Male) |
| 26:56 | Crear | Villager (Male) |
| 26:56 | Crear | Villager (Male) |
| 26:56 | Crear | Villager (Male) |
| 26:57 | Crear | Villager (Male) |
| 26:57 | Crear | Villager (Male) |
| 26:57 | Crear | Villager (Male) |
| 26:58 | Crear | Villager (Male) |
| 26:58 | Crear | Villager (Male) |
| 26:58 | Crear | Villager (Male) |
| 26:59 | Crear | Villager (Male) |
| 26:59 | Crear | Villager (Male) |
| 26:59 | Crear | Villager (Male) |
| 27:00 | Crear | Villager (Male) |
| 27:00 | Crear | Villager (Male) |
| 28:14 | Construir | Monastery |
| 28:23 | Construir | University |
| 28:57 | Construir | House |
| 29:03 | Construir | House |
| 29:06 | Construir | House |
| 29:11 | Construir | House |
| 29:15 | Construir | House |
| 30:35 | Construir | Town Center |
| 30:48 | Investigar | Elite Skirmisher (upgrade) |
| 30:49 | Investigar | Thumb Ring |
| 32:12 | Construir | House |
| 32:13 | Construir | House |
| 32:15 | Construir | House |
| 32:17 | Construir | House |
| 32:18 | Construir | House |
| 33:00 | Investigar | Imperial Age |
| 33:08 | Investigar | Hand Cart |
| 33:58 | Crear | Villager (Male) |
| 33:59 | Crear | Villager (Male) |
| 33:59 | Crear | Villager (Male) |
| 33:59 | Crear | Villager (Male) |
| 33:59 | Crear | Villager (Male) |
| 34:00 | Crear | Villager (Male) |
| 34:00 | Crear | Villager (Male) |
| 34:00 | Crear | Villager (Male) |
| 34:01 | Crear | Villager (Male) |
| 34:01 | Crear | Villager (Male) |
| 34:02 | Crear | Villager (Male) |
| 34:02 | Crear | Villager (Male) |
| 34:02 | Crear | Villager (Male) |
| 34:03 | Crear | Villager (Male) |
| 34:03 | Crear | Villager (Male) |
| 34:03 | Crear | Villager (Male) |
| 34:03 | Crear | Villager (Male) |
| 34:55 | Construir | Town Center |
| 35:55 | Construir | Krepost |
| 36:18 | Construir | Lumber Camp |
Cronología de la partida
| 1:33 | Big Al · wall_segment Palisade Wall x16 |
| 5:06 | TAA · resign |
| 9:41 | CowMaster22 · age_up feudal |
| 10:48 | CowMaster22 · wall_segment Palisade Wall x24 |
| 10:52 | Gato del vecino · age_up feudal |
| 11:02 | CowMaster's Sidekick · age_up feudal |
| 11:15 | Gato del vecino · wall_segment Stone Wall x9 |
| 11:19 | Gato del vecino · wall_segment Stone Wall x11 |
| 11:26 | GdN_StinckytlesIII · age_up feudal |
| 11:37 | prashanthtk33 · age_up feudal |
| 11:51 | moneye · age_up feudal |
| 15:47 | moneye · age_up castle |
| 15:50 | moneye · first_building Monastery |
| 15:58 | moneye · wall_segment Stone Wall x27 |
| 16:25 | CowMaster22 · wall_segment Stone Wall x23 |
| 19:22 | CowMaster22 · age_up castle |
| 21:06 | GdN_StinckytlesIII · age_up castle |
| 21:27 | Gato del vecino · age_up castle |
| 21:28 | CowMaster's Sidekick · age_up castle |
| 21:47 | CowMaster22 · first_building Monastery |
| 22:05 | GdN_StinckytlesIII · first_building Monastery |
| 22:56 | CowMaster's Sidekick · first_building Monastery |
| 23:06 | prashanthtk33 · first_building Barracks |
| 24:17 | CowMaster's Sidekick · first_building Barracks |
| 24:35 | prashanthtk33 · first_building Stable |
| 24:39 | prashanthtk33 · age_up castle |
| 24:50 | prashanthtk33 · first_building Archery Range |
| 26:33 | CowMaster22 · first_building Siege Workshop |
| 26:35 | prashanthtk33 · first_building Siege Workshop |
| 27:21 | CowMaster's Sidekick · first_market_buy 100 stone |
| 28:14 | prashanthtk33 · first_building Monastery |
| 29:46 | Gato del vecino · wall_segment Stone Wall x12 |
| 29:48 | Gato del vecino · wall_segment Stone Wall x9 |
| 32:22 | CowMaster22 · first_building Barracks |
| 32:52 | prashanthtk33 · first_market_sell 100 wood |
| 33:22 | Gato del vecino · age_up imperial |
| 34:07 | CowMaster22 · age_up imperial |
| 35:04 | moneye · first_building Barracks |
| 35:11 | moneye · first_market_buy 100 stone |
| 35:44 | CowMaster22 · first_building Castle |
| 35:55 | prashanthtk33 · first_building Krepost |
| 36:08 | Gato del vecino · first_building Siege Workshop |
| 36:20 | Gato del vecino · first_building Castle |
| 36:28 | moneye · first_building Archery Range |
| 36:35 | moneye · first_building Castle |
| 36:39 | prashanthtk33 · age_up imperial |
| 36:44 | moneye · first_building Siege Workshop |
| 36:50 | moneye · first_building Stable |
| 36:52 | CowMaster's Sidekick · first_building Castle |
| 37:03 | CowMaster's Sidekick · first_building Siege Workshop |
| 37:54 | CowMaster22 · first_market_buy 100 stone |
| 38:14 | GdN_StinckytlesIII · age_up imperial |
| 39:00 | GdN_StinckytlesIII · first_building Castle |
| 39:34 | prashanthtk33 · first_market_buy 100 stone |
| 39:39 | CowMaster22 · wall_segment Stone Wall x23 |
| 40:01 | prashanthtk33 · first_building Castle |
| 40:07 | CowMaster22 · first_market_sell 500 wood |
| 41:05 | CowMaster's Sidekick · age_up imperial |
| 41:58 | moneye · age_up imperial |
| 42:09 | GdN_StinckytlesIII · first_building Barracks |
| 42:16 | CowMaster's Sidekick · first_building Stable |
| 44:20 | GdN_StinckytlesIII · first_building Stable |
| 44:33 | CowMaster22 · first_building Stable |
| 44:41 | moneye · wall_segment Stone Wall x27 |
| 44:59 | moneye · wall_segment Stone Wall x20 |
| 48:44 | moneye · wall_segment Stone Wall x16 |
| 49:05 | moneye · wall_segment Stone Wall x9 |
| 49:29 | moneye · wall_segment Stone Wall x13 |
| 49:31 | GdN_StinckytlesIII · first_building Siege Workshop |
| 49:42 | moneye · wall_segment Stone Wall x4 |
| 49:49 | moneye · wall_segment Stone Wall x4 |
| 50:41 | Gato del vecino · first_building Stable |
| 50:51 | moneye · first_market_sell 100 wood |
| 53:01 | moneye · wall_segment Stone Wall x5 |
| 53:06 | moneye · wall_segment Stone Wall x3 |
| 53:50 | moneye · wall_segment Stone Wall x8 |
| 53:56 | moneye · wall_segment Stone Wall x9 |
| 54:32 | moneye · wall_segment Stone Wall x7 |
| 54:44 | moneye · wall_segment Stone Wall x18 |
| 56:02 | moneye · wall_segment Stone Wall x5 |
| 56:14 | moneye · wall_segment Stone Wall x17 |
| 56:29 | moneye · wall_segment Stone Wall x16 |
| 56:47 | moneye · wall_segment Stone Wall x10 |
| 57:11 | moneye · wall_segment Stone Wall x22 |
| 59:05 | Gato del vecino · wall_segment Stone Wall x31 |
| 59:42 | moneye · wall_segment Stone Wall x7 |
| 60:01 | GdN_StinckytlesIII · first_market_buy 500 stone |
| 60:08 | moneye · wall_segment Stone Wall x8 |
| 60:09 | moneye · wall_segment Stone Wall x1 |
| 62:21 | Gato del vecino · wall_segment Stone Wall x10 |
| 62:31 | CowMaster22 · wall_segment Stone Wall x41 |
| 62:35 | Gato del vecino · wall_segment Stone Wall x10 |
| 63:01 | CowMaster22 · wall_segment Stone Wall x11 |
| 66:29 | Gato del vecino · wall_segment Stone Wall x7 |
| 66:37 | Gato del vecino · wall_segment Stone Wall x25 |
| 67:43 | moneye · wall_segment Stone Wall x5 |
| 74:37 | CowMaster22 · tribute_sent a jugador 1 |
| 74:37 | CowMaster22 · tribute_sent a jugador 2 |
| 74:37 | CowMaster22 · tribute_sent a jugador 4 |
| 74:37 | CowMaster22 · tribute_sent a jugador 5 |
| 74:37 | CowMaster22 · tribute_sent a jugador 6 |
| 74:37 | CowMaster22 · tribute_sent a jugador 7 |
| 74:37 | CowMaster22 · tribute_sent a jugador 8 |
| 82:18 | Gato del vecino · wall_segment Stone Wall x1 |
| 82:25 | Gato del vecino · wall_segment Stone Wall x26 |
| 86:26 | Gato del vecino · wall_segment Stone Wall x8 |
| 86:30 | Gato del vecino · wall_segment Stone Wall x13 |
| 93:22 | GdN_StinckytlesIII · first_market_sell 500 wood |
| 103:38 | Gato del vecino · tribute_sent a jugador 2 |
| 103:38 | Gato del vecino · tribute_sent a jugador 3 |
| 103:38 | Gato del vecino · tribute_sent a jugador 4 |
| 103:38 | Gato del vecino · tribute_sent a jugador 5 |
| 103:38 | Gato del vecino · tribute_sent a jugador 6 |
| 103:38 | Gato del vecino · tribute_sent a jugador 7 |
| 103:38 | Gato del vecino · tribute_sent a jugador 8 |
| 108:10 | GdN_StinckytlesIII · wall_segment Stone Wall x44 |
| 112:42 | CowMaster22 · wall_segment Stone Wall x13 |
| 112:53 | CowMaster22 · wall_segment Stone Wall x5 |
| 112:54 | CowMaster22 · wall_segment Stone Wall x3 |
| 112:57 | CowMaster22 · wall_segment Stone Wall x4 |
| 117:06 | CowMaster22 · tribute_sent a jugador 1 |
| 117:06 | CowMaster22 · tribute_sent a jugador 2 |
| 117:06 | CowMaster22 · tribute_sent a jugador 4 |
| 117:06 | CowMaster22 · tribute_sent a jugador 5 |
| 117:06 | CowMaster22 · tribute_sent a jugador 6 |
| 117:06 | CowMaster22 · tribute_sent a jugador 7 |
| 117:06 | CowMaster22 · tribute_sent a jugador 8 |
| 117:20 | GdN_StinckytlesIII · tribute_sent a jugador 1 |
| 117:20 | GdN_StinckytlesIII · tribute_sent a jugador 3 |
| 117:20 | GdN_StinckytlesIII · tribute_sent a jugador 4 |
| 117:20 | GdN_StinckytlesIII · tribute_sent a jugador 5 |
| 117:20 | GdN_StinckytlesIII · tribute_sent a jugador 6 |
| 117:20 | GdN_StinckytlesIII · tribute_sent a jugador 7 |
| 117:20 | GdN_StinckytlesIII · tribute_sent a jugador 8 |
| 124:20 | CowMaster22 · wall_segment Stone Wall x7 |
| 127:51 | CowMaster22 · wall_segment Stone Wall x14 |
| 129:23 | Gato del vecino · wall_segment Stone Wall x27 |
| 130:16 | GdN_StinckytlesIII · wall_segment Stone Wall x11 |
| 130:33 | CowMaster22 · wall_segment Palisade Wall x20 |
| 134:59 | CowMaster22 · wall_segment Stone Wall x17 |
| 136:47 | CowMaster22 · tribute_sent a jugador 1 |
| 136:47 | CowMaster22 · tribute_sent a jugador 2 |
| 136:47 | CowMaster22 · tribute_sent a jugador 4 |
| 136:47 | CowMaster22 · tribute_sent a jugador 5 |
| 136:47 | CowMaster22 · tribute_sent a jugador 6 |
| 136:47 | CowMaster22 · tribute_sent a jugador 7 |
| 136:47 | CowMaster22 · tribute_sent a jugador 8 |
| 139:45 | Gato del vecino · tribute_sent a jugador 2 |
| 139:45 | Gato del vecino · tribute_sent a jugador 3 |
| 139:45 | Gato del vecino · tribute_sent a jugador 4 |
| 139:45 | Gato del vecino · tribute_sent a jugador 5 |
| 139:46 | Gato del vecino · tribute_sent a jugador 6 |
| 139:46 | Gato del vecino · tribute_sent a jugador 7 |
| 139:46 | Gato del vecino · tribute_sent a jugador 8 |
| 143:38 | Gato del vecino · wall_segment Stone Wall x54 |
| 143:48 | Gato del vecino · first_market_buy 500 stone |
| 155:10 | Gato del vecino · wall_segment Stone Wall x7 |
[ ANÁLISIS IA · 1 CRÉDITO ]
¿Qué pasó realmente en esta partida?
Wolo.gg analiza cada decisión: build order, eco, micro, errores típicos por bracket. Análisis personalizado por WhatsApp o Discord en 30 segundos.
Guía civ
Teutones
Perfil
Jugador #3871762